 Dungeon Crawl Stone Soup version 0.30-a0-605-gb2882149bf (webtiles) character file.

Game seed: 5791213678477252558

89 pokeman the Magician (level 4, -2/25 HPs)
             Began as a Deep Elf Hedge Wizard on Jan 8, 2023.
             Slain by an orc
             ... wielding a +0 mace
              (4 damage)
             ... on level 3 of the Dungeon.
             The game lasted 00:03:07 (2702 turns).

pokeman the Magician (Deep Elf Hedge Wizard)        Turns: 2702, Time: 00:03:08

Health: -2/25      AC:  2    Str:  7    XL:     4   Next: 31%
Magic:  0/13       EV: 12    Int: 21    God:
Gold:   138        SH:  0    Dex: 14    Spells: 6/14 levels left

rFire   . . .      SeeInvis .    a - +0 dagger
rCold   . . .      Faith    .    (no shield)
rNeg    . . .      Spirit   .    b - +0 robe
rPois   .          Reflect  .    c - +0 hat
rElec   .          Harm     .    (no cloak)
rCorr   .          Rampage  .    (no gloves)
Will    .....                    (no boots)
Stlth   ++                       (no amulet)
HPRegen 0.24/turn                (no ring)
MPRegen 0.13/turn                (no ring)

@: no status effects
A: no striking features
a: no special abilities


You were on level 3 of the Dungeon.
You visited 1 branch of the dungeon, and saw 3 of its levels.

You collected 138 gold pieces.

Inventory:

Hand Weapons
 a - a +0 dagger (weapon)
Armour
 b - a +0 robe (worn)
 c - a +0 hat (worn)
Scrolls
 e - a scroll of vulnerability {unknown}
 f - 2 scrolls of poison {unknown}
 g - 5 scrolls of identify {unknown}
 h - a scroll of immolation {unknown}
 j - a scroll of teleportation {unknown}
 l - a scroll of enchant armour {unknown}
Potions
 d - a potion of magic
 i - a potion of might {unknown}
 k - a potion of invisibility {unknown}


   Skills:
 - Level 1.0 Fighting
 - Level 1.0 Armour
 + Level 2.6 Dodging
 + Level 2.6 Stealth
 * Level 5.6 Spellcasting
 + Level 2.3 Conjurations
 - Level 1.1 Summonings
 - Level 1.1 Translocations


You had 6 spell levels left.
You knew the following spells:

 Your Spells              Type           Power      Damage    Failure   Level
a - Magic Dart            Conj           60%        1d6       4%          1
b - Mephitic Cloud        Conj/Pois/Air  9%         N/A       22%         3
c - Call Imp              Summ           10%        N/A       10%         2
d - Blink                 Tloc           20%        N/A       10%         2

Your spell library contained the following spells:

 Spells                   Type           Power      Damage    Failure   Level
 Slow                     Hex            20%        N/A       11%         1
 Cigotuvi's Dreadful Rot  Necr/Pois/Air  10%        N/A       16%         2


Dungeon Overview and Level Annotations

Branches:
Dungeon (3/15)

Altars:


Message History

Press: ? - help, Shift-Dir - straight line, f/p - orc
Aim: an orc, wielding a +0 hand axe and wearing a +0 leather armour (heavily wounded, 100% to hit)
The magic dart hits the orc.
The orc is heavily wounded.
The orc closely misses you.
Casting: Magic Dart (safe; 4% risk of failure)
Confirm with . or Enter, or press ? or * to list all spells.
Aiming: Magic Dart (safe; 4% risk of failure)
Press: ? - help, Shift-Dir - straight line, f/p - orc
Aim: an orc, wielding a +0 hand axe and wearing a +0 leather armour (heavily wounded, 100% to hit)
The magic dart hits the orc.
You kill the orc!
You hit the quokka.
The quokka is almost dead.
The quokka barely misses you. The quokka bites you.
The quokka barely misses you. The quokka barely misses you.
You miss the quokka.
The quokka is almost dead.
The quokka twitches its whiskers.
The quokka closely misses you. The orc hits you with a +0 mace.
You hit the quokka.
You kill the quokka!
The orc hits you with a +0 mace!
You hit the orc but do no damage. The orc hits you with a +0 mace.
You hit the orc but do no damage. The orc hits you with a +0 mace.
You hit the orc but do no damage. The orc hits you with a +0 mace.
* * * LOW HITPOINT WARNING * * *
The orc attacks as you move away! The orc barely misses you.
Casting: Magic Dart (safe; 4% risk of failure)
Confirm with . or Enter, or press ? or * to list all spells.
A beastly little devil appears in a puff of flame.
The orc hits you with a +0 mace.
* * * LOW HITPOINT WARNING * * *
The orc attacks as you move away! The orc hits you with a +0 mace.
* * * LOW HITPOINT WARNING * * *
Your crimson imp barely misses the orc.
The orc hits you with a +0 mace.
You die...

..####[..###.#
..........)......#
.......#####.######
.........###.#
.......#.....####
.......##.......# ###
......#..#####.######..
#..#..# #........#
##..@##### #####..###
#....o5..## #..>).
#..######..######.####
#... #..)...(........#
... #..........####..
.. #))).........# #. .
..##..........# ## .
############ ### #..


You could see an orc (ally target) and a friendly crimson imp (summoned).

Vanquished Creatures
  Terence (D:2)
  A worm (D:2)
  3 dart slugs (D:1)
  4 orcs (D:3)
  4 bats (D:1)
  4 endoplasms
  5 giant cockroaches
  4 goblins
  3 hobgoblins
  A quokka (D:3)
  4 ball pythons
  4 frilled lizards
  2 kobolds (D:1)
  6 rats
46 creatures vanquished.

Vanquished Creatures (collateral kills)
  A worm (D:2)
  A bat (D:2)
2 creatures vanquished.

Grand Total: 48 creatures vanquished

Notes
Turn   | Place    | Note
-------+----------+-------------------------------------------
     0 | D:1      | pokeman the Deep Elf Hedge Wizard began the quest for the
                  | Orb.
     0 | D:1      | Reached XP level 1. HP: 10/10 MP: 7/7
   256 | D:1      | Reached XP level 2. HP: 12/16 MP: 3/9
   791 | D:1      | Reached skill level 5 in Spellcasting
   975 | D:1      | Found a faded altar of an unknown god.
  1253 | D:1      | Reached XP level 3. HP: 20/20 MP: 7/11
  1257 | D:1      | Learned a level 3 spell: Mephitic Cloud
  1260 | D:1      | Learned a level 2 spell: Call Imp
  1263 | D:1      | Learned a level 2 spell: Blink
  1449 | D:2      | Noticed Terence
  1470 | D:2      | Killed Terence
  1471 | D:2      | Reached skill level 1 in Fighting
  1471 | D:2      | Reached skill level 1 in Armour
  1847 | D:2      | Reached XP level 4. HP: 25/25 MP: 7/13
  2701 | D:3      | HP: 1/25 [orc/+0 mace (1)]
  2702 | D:3      | Slain by an orc

Illustrated notes

Levels and vault maps discovered:
D:1:      dpeg_arrival_refuge, layout_basic,
          hellmonk_ecumenical_altar_inner_sanctum
D:2:      layout_loops_ring, chequers_serial_rivers_large_a, uniq_terence
D:3:      minmay_spotlight, layout_rooms, minmay_tree_intersection

Skill      XL: |  1  2  3 |
---------------+----------+-----
Spellcasting   | 5 |  5.6
Fighting       | 1 |  1.0
Armour         | 1 |  1.0
Conjurations   | 2 |  2.3
Dodging        | |  2.6
Stealth        | |  2.6
Summonings     | |  1.1
Translocations | |  1.1

Action                   |  1- 3 |  4- 6 || total
-------------------------+-------+-------++-------
Melee: Dagger            |     6 |     6 ||    12
 Cast: Magic Dart        |    83 |    29 ||   112
       Call Imp          |     2 |     2 ||     4
       Mephitic Cloud    |     1 |       ||     1
Armor: Robe              |     4 |       ||     4
Dodge: Dodged            |    12 |     9 ||    21

Table legend: (Time is in decaauts)
 A = Elapsed time spent in this place.
 B = Non-inter-level travel time spent in this place.
 C = Inter-level travel time spent in this place.
 D = Time resting spent in this place.
 E = Time spent auto-exploring this place.
 F = Levels seen in this place.
 G = Mean time per level.
                   A        B        C        D        E       F      G
               +--------+--------+--------+--------+--------+-----+--------+
         Total |   2718 |   2643 |     75 |      0 |   2388 |   3 |  906.0 |
       Dungeon |   2718 |   2643 |     75 |      0 |   2388 |   3 |  906.0 |
               +--------+--------+--------+--------+--------+-----+--------+

Top non-repeatable levels by time:
     D:1: 1306 daAuts
     D:2: 1260 daAuts
     D:3: 151 daAuts
